PIO (24 & UNDER)
EAU CLAIRE ESQUIRES @ COLORADO COMMANDERS
04/28/2030
 
TOP OF THE 1ST
Eau Claire Esquires batting - Pitching for Colorado Commanders : LHP Bernardo Dodson
Pitching: LHP Bernardo Dodson
Batting: RHB Júlio Pinto 0-0: Ball
1-0: Ball
2-0: Swinging Strike
2-1: Called Strike
2-2: Foul Ball, location: 2F
2-2: Ball
3-2: Foul Ball, location: 2F
3-2: Base on Balls
Batting: RHB Tomás Rivera 0-0: Foul Ball, location: 2F
0-1: Ball
1-1: Foul Ball, location: 2F
1-2: Ball
2-2: Foul Ball, location: 2F
2-2: Ball
3-2: Foul Ball, location: 2F
3-2: DOUBLE (Line Drive, 8RD)
Júlio Pinto to third
Batting: RHB Luis Cherena 0-0: SINGLE (Groundball, 6MD)
Júlio Pinto scores
Tomás Rivera to third
Batting: LHB Paul Lee 0-0: Swinging Strike
0-1: Foul Ball, location: 2F
Balk!
Tomás Rivera scores
Luis Cherena to second
0-2: Foul Ball, location: 2F
0-2: Fly out, F8 (Flyball, 78M)
Batting: RHB Tom McBride 0-0: Foul Ball, location: 2F
0-1: Ball
1-1: Ball
2-1: Ball
3-1: Foul Ball, location: 2F
3-2: Strikes out swinging
Batting: LHB Steve Arnold 0-0: Fly out, F8 (Flyball, 89XD)
Top of the 1st over - 2 runs, 2 hits, 0 errors, 1 left on base; Eau Claire 2 - Colorado 0
BOTTOM OF THE 1ST
Colorado Commanders batting - Pitching for Eau Claire Esquires : RHP John Silva
Pitching: RHP John Silva
Batting: LHB Abraham Horton 0-0: Ball
1-0: Foul Ball, location: 2F
1-1: Called Strike
1-2: Ground out 1-3 (Groundball, P)
Batting: RHB Lawrence Ware 0-0: Ball
1-0: Ball
2-0: Called Strike
2-1: Foul Ball, location: 2F
2-2: Ground out 5-3 (Groundball, 56S)
Batting: LHB Arthur Guzmán 0-0: Ball
1-0: Foul Ball, location: 2F
1-1: Ball
2-1: Foul Ball, location: 2F
2-2: Foul Ball, location: 2F
2-2: SINGLE (Line Drive, 6MD)
Batting: LHB Francisco Ríos 0-0: Called Strike
0-1: Ground out 4-3 (Groundball, 34)
Bottom of the 1st over - 0 runs, 1 hit, 0 errors, 1 left on base; Eau Claire 2 - Colorado 0
TOP OF THE 2ND
Eau Claire Esquires batting - Pitching for Colorado Commanders : LHP Bernardo Dodson
Batting: RHB Julián Ramírez 0-0: Called Strike
0-1: Foul Ball, location: 2F
0-2: Strikes out swinging
Batting: RHB Kyle McIntyre 0-0: Swinging Strike
0-1: Foul Ball, location: 2F
0-2: Ball
1-2: Strikes out swinging
Batting: RHB Silas Small 0-0: Foul Ball, location: 2F
0-1: Ball
1-1: Ball
2-1: Foul Ball, location: 2F
2-2: Ball
3-2: Strikes out looking
Top of the 2nd over - 0 runs, 0 hits, 0 errors, 0 left on base; Eau Claire 2 - Colorado 0
BOTTOM OF THE 2ND
Colorado Commanders batting - Pitching for Eau Claire Esquires : RHP John Silva
Batting: RHB Henry Cahill 0-0: Ball
1-0: Swinging Strike
1-1: Foul Ball, location: 2F
1-2: Strikes out swinging
Batting: RHB Félix Campos 0-0: Ball
1-0: Fly out, F5 (Popup, 5S)
Batting: RHB Joe Roberts 0-0: SINGLE (Groundball, 6M) (infield hit)
Batting: RHB Júlio Ramos 0-0: Ball
1-0: Ground out 4-3 (Groundball, 4MS)
Bottom of the 2nd over - 0 runs, 1 hit, 0 errors, 1 left on base; Eau Claire 2 - Colorado 0
TOP OF THE 3RD
Eau Claire Esquires batting - Pitching for Colorado Commanders : LHP Bernardo Dodson
Batting: RHB Júlio Pinto 0-0: Foul Ball, location: 2F
0-1: Swinging Strike
0-2: Foul Ball, location: 2F
0-2: Strikes out swinging
Batting: RHB Tomás Rivera 0-0: Ball
1-0: Ground out 5-3 (Groundball, 56)
Batting: RHB Luis Cherena 0-0: Foul Ball, location: 2F
0-1: Called Strike
0-2: Ball
1-2: Foul Ball, location: 2F
1-2: Foul Ball, location: 2F
1-2: DOUBLE (Line Drive, 7LM)
Batting: LHB Paul Lee 0-0: Called Strike
0-1: Swinging Strike
0-2: Ball
1-2: Strikes out swinging
Top of the 3rd over - 0 runs, 1 hit, 0 errors, 1 left on base; Eau Claire 2 - Colorado 0
BOTTOM OF THE 3RD
Colorado Commanders batting - Pitching for Eau Claire Esquires : RHP John Silva
Batting: RHB Bobby Miles 0-0: Foul Ball, location: 2F
0-1: SINGLE (Groundball, 6MD)
Batting: LHB Abraham Horton 0-0: Ball
1-0: Fly out, F5 (Line Drive, 56)
Batting: RHB Lawrence Ware 0-0: Called Strike
Bobby Miles steals 2nd base
0-1: Ball
1-1: Hit by Pitch
Batting: LHB Arthur Guzmán 0-0: SINGLE (Groundball, 56D)
Bobby Miles to third
Lawrence Ware to second
Runner from 3rd tries for Home, SAFE, no throw
Batting: LHB Francisco Ríos 0-0: Ball
1-0: Ball
2-0: Foul Ball, location: 2F
2-1: Ball
3-1: Base on Balls
Lawrence Ware to third
Arthur Guzmán to second
Batting: RHB Henry Cahill 0-0: Hit by Pitch
Lawrence Ware scores
Arthur Guzmán to third
Francisco Ríos to second
Batting: RHB Félix Campos 0-0: Called Strike
0-1: Ball
1-1: Swinging Strike
1-2: SINGLE (Groundball, 56D)
Arthur Guzmán scores
Francisco Ríos to third
Henry Cahill to second
Runner from 3rd tries for Home, SAFE, no throw
Batting: RHB Joe Roberts 0-0: Ball
1-0: Foul Ball, location: 2F
1-1: Foul Ball, location: 2F
1-2: Foul Ball, location: 2F
1-2: Ball
2-2: Foul Ball, location: 2F
2-2: Grounds into double play, 5-4-3 (Groundball, 56)
Bottom of the 3rd over - 4 runs, 3 hits, 0 errors, 1 left on base; Eau Claire 2 - Colorado 4
TOP OF THE 4TH
Eau Claire Esquires batting - Pitching for Colorado Commanders : LHP Bernardo Dodson
Batting: RHB Tom McBride 0-0: Swinging Strike
0-1: Ball
1-1: Ball
2-1: Ball
3-1: Called Strike
3-2: Strikes out swinging
Batting: LHB Steve Arnold 0-0: Ball
1-0: Ball
2-0: Foul Ball, location: 2F
2-1: Foul Ball, location: 2F
2-2: Foul Ball, location: 2F
2-2: Fly out, F8 (Flyball, 8RXD)
Batting: RHB Julián Ramírez 0-0: Foul Ball, location: 2F
0-1: SINGLE (Line Drive, 4D)
Batting: RHB Kyle McIntyre 0-0: Ball
1-0: Swinging Strike
1-1: Foul Ball, location: 2F
1-2: Strikes out swinging
Top of the 4th over - 0 runs, 1 hit, 0 errors, 1 left on base; Eau Claire 2 - Colorado 4
BOTTOM OF THE 4TH
Colorado Commanders batting - Pitching for Eau Claire Esquires : RHP John Silva
Batting: RHB Júlio Ramos 0-0: Ball
1-0: Called Strike
1-1: Called Strike
1-2: Ball
2-2: Ball
3-2: Strikes out looking
Batting: RHB Bobby Miles 0-0: Called Strike
0-1: Called Strike
0-2: Foul Ball, location: 2F
0-2: Ball
1-2: Ball
2-2: Ground out 3-1 (Groundball, 34)
Batting: LHB Abraham Horton 0-0: Called Strike
0-1: Swinging Strike
0-2: Ball
1-2: Fly out, F7 (Flyball, 7S)
Bottom of the 4th over - 0 runs, 0 hits, 0 errors, 0 left on base; Eau Claire 2 - Colorado 4
TOP OF THE 5TH
Eau Claire Esquires batting - Pitching for Colorado Commanders : LHP Bernardo Dodson
Batting: RHB Silas Small 0-0: Ball
1-0: Swinging Strike
1-1: Ball
2-1: Ball
3-1: Foul Ball, location: 2F
3-2: Strikes out looking
Batting: RHB Júlio Pinto 0-0: Foul Ball, location: 2F
0-1: Called Strike
0-2: SINGLE (Line Drive, 6D)
Pitching: RHP George Gore
Batting: RHB Tomás Rivera 0-0: Swinging Strike
0-1: Ball
Júlio Pinto steals 2nd base
1-1: SINGLE (Line Drive, 7S)
Júlio Pinto to third
Batting: RHB Luis Cherena 0-0: Ball
Tomás Rivera steals 2nd base
1-0: Ground out U3 (Groundball, 34)
Batting: LHB Paul Lee 0-0: SINGLE (Groundball, 4MD)
Júlio Pinto scores
Tomás Rivera to third
Runner from 3rd tries for Home, SAFE, throw made home
Paul Lee to second
Batting: RHB Tom McBride 0-0: Ball
1-0: Called Strike
1-1: Fly out, F9 (Flyball, 89S)
Top of the 5th over - 2 runs, 3 hits, 0 errors, 1 left on base; Eau Claire 4 - Colorado 4
BOTTOM OF THE 5TH
Colorado Commanders batting - Pitching for Eau Claire Esquires : RHP John Silva
Batting: RHB Lawrence Ware 0-0: Called Strike
0-1: Ball
1-1: Foul Ball, location: 2F
1-2: Ball
2-2: Ball
3-2: Foul Ball, location: 2F
3-2: Foul Ball, location: 2F
3-2: Foul Ball, location: 2F
3-2: Ground out 4-3 (Groundball, 4)
Batting: LHB Arthur Guzmán 0-0: Ball
1-0: Foul Ball, location: 2F
1-1: Ball
2-1: Ball
3-1: Foul Ball, location: 2F
3-2: Base on Balls
Batting: LHB Francisco Ríos 0-0: Called Strike
0-1: Ball
1-1: Foul Ball, location: 2F
1-2: Ball
2-2: Ground out 4-3 (Groundball, 34)
Arthur Guzmán to second
Batting: RHB Henry Cahill 0-0: Called Strike
0-1: Swinging Strike
0-2: Ball
1-2: Ball
2-2: Ball
3-2: Foul Ball, location: 2F
3-2: Fly out, F7 (Flyball, 7)
Bottom of the 5th over - 0 runs, 0 hits, 0 errors, 1 left on base; Eau Claire 4 - Colorado 4
TOP OF THE 6TH
Eau Claire Esquires batting - Pitching for Colorado Commanders : RHP George Gore
Batting: LHB Steve Arnold 0-0: Fly out, F7 (Flyball, 7)
Batting: RHB Julián Ramírez 0-0: Called Strike
0-1: SOLO HOME RUN (Flyball, 7D), Distance : 349 ft
Pitching: LHP Bezzi Kisito
Batting: RHB Kyle McIntyre 0-0: Ball
1-0: Ball
2-0: Ball
3-0: Base on Balls
Batting: RHB Silas Small 0-0: Grounds into double play, 6-4-3 (Groundball, 6)
Top of the 6th over - 1 run, 1 hit, 0 errors, 0 left on base; Eau Claire 5 - Colorado 4
BOTTOM OF THE 6TH
Colorado Commanders batting - Pitching for Eau Claire Esquires : RHP John Silva
Batting: RHB Félix Campos 0-0: Called Strike
0-1: Swinging Strike
0-2: Ball
1-2: Ball
2-2: Strikes out swinging
Batting: RHB Joe Roberts 0-0: Ball
1-0: Foul Ball, location: 2F
1-1: Called Strike
1-2: Ball
2-2: Ground out 6-3 (Groundball, 6)
Batting: RHB Júlio Ramos 0-0: Called Strike
0-1: Ball
1-1: Ball
2-1: Foul Ball, location: 2F
2-2: Fly out, F8 (Flyball, 8RD)
Bottom of the 6th over - 0 runs, 0 hits, 0 errors, 0 left on base; Eau Claire 5 - Colorado 4
TOP OF THE 7TH
Eau Claire Esquires batting - Pitching for Colorado Commanders : LHP Bezzi Kisito
Batting: RHB Júlio Pinto 0-0: Swinging Strike
0-1: Ball
1-1: Called Strike
1-2: Ground out 1-3 (Groundball, 13S)
Batting: RHB Tomás Rivera 0-0: Ball
1-0: Ball
2-0: Ball
3-0: Base on Balls
Batting: RHB Luis Cherena 0-0: Ball
1-0: Called Strike
1-1: DOUBLE (Flyball, 78D)
Tomás Rivera to third
Pinch Hitting: RHB Eric Black 0-0: Intentional Walk
Batting: RHB Tom McBride 0-0: Grounds into fielders choice 6-2 (Groundball, 6S)
Luis Cherena to third
Eric Black to second
Batting: LHB Steve Arnold 0-0: Called Strike
0-1: Foul Ball, location: 2F
0-2: Ball
1-2: Ball
2-2: Ball
3-2: Strikes out looking
Top of the 7th over - 0 runs, 1 hit, 0 errors, 3 left on base; Eau Claire 5 - Colorado 4
BOTTOM OF THE 7TH
Colorado Commanders batting - Pitching for Eau Claire Esquires : RHP John Silva
Pitching: RHP Armando Martínez
Now at 3B: Eric Black
Batting: RHB Bobby Miles 0-0: Called Strike
0-1: Swinging Strike
0-2: Ball
1-2: Ball
2-2: Ball
3-2: Ground out 5-3 (Groundball, 5)
Pitching: LHP Arturo Vega
Batting: LHB Abraham Horton 0-0: Ball
1-0: Ball
2-0: Called Strike
2-1: Ground out 6-3 (Groundball, 6M)
Pitching: RHP Shaun Harris
Batting: RHB Lawrence Ware 0-0: Ball
1-0: Ball
2-0: Ball
3-0: Base on Balls
Batting: LHB Arthur Guzmán 0-0: Ball
1-0: Called Strike
Lawrence Ware is caught stealing 2nd base
Bottom of the 7th over - 0 runs, 0 hits, 0 errors, 0 left on base; Eau Claire 5 - Colorado 4
TOP OF THE 8TH
Eau Claire Esquires batting - Pitching for Colorado Commanders : LHP Bezzi Kisito
Batting: RHB Julián Ramírez 0-0: Called Strike
0-1: Ball
1-1: Ball
2-1: Ball
3-1: Swinging Strike
3-2: Base on Balls
Batting: RHB Kyle McIntyre 0-0: Bunt missed!
0-1: Bunted foul
0-2: Strikes out swinging
Pinch Hitting: RHB Cipriano Salas 0-0: Ball
1-0: Called Strike
1-1: Ball
2-1: Called Strike
2-2: Foul Ball, location: 2F
2-2: Foul Ball, location: 2F
2-2: Ball
3-2: Strikes out looking
Batting: RHB Júlio Pinto 0-0: Ball
1-0: Fly out, F8 (Flyball, 8RD)
Top of the 8th over - 0 runs, 0 hits, 0 errors, 1 left on base; Eau Claire 5 - Colorado 4
BOTTOM OF THE 8TH
Colorado Commanders batting - Pitching for Eau Claire Esquires : RHP Shaun Harris
Now in LF: Dave Baker
Batting: LHB Arthur Guzmán 0-0: Ball
1-0: Foul Ball, location: 2F
1-1: Hit by Pitch
Pitching: LHP Gabriel Acevedo
Pinch Runner at 1st Eric Patrick:
Batting: LHB Francisco Ríos 0-0: Called Strike
0-1: Ball
1-1: Called Strike
1-2: Ball
2-2: Ball
3-2: Base on Balls
Eric Patrick to second
Batting: RHB Henry Cahill 0-0: Ball
1-0: Foul Ball, location: 2F
1-1: Grounds into double play, 3-6-3 (Groundball, 3)
Eric Patrick to third
Batting: RHB Félix Campos 0-0: Called Strike
0-1: Ball
1-1: Ball
2-1: Foul Ball, location: 2F
2-2: Ball
3-2: Base on Balls
Batting: RHB Joe Roberts 0-0: Ball
Wild Pitch!
Eric Patrick scores
Félix Campos to second
1-0: Called Strike
1-1: SINGLE (Groundball, 3S) (infield hit)
Félix Campos to third
Batting: RHB Júlio Ramos 0-0: Ball
1-0: Ball
Balk!
Félix Campos scores
Joe Roberts to second
2-0: Foul Ball, location: 2F
2-1: Swinging Strike
2-2: Ball
3-2: Fly out, F7 (Flyball, 7S)
Bottom of the 8th over - 2 runs, 1 hit, 0 errors, 1 left on base; Eau Claire 5 - Colorado 6
TOP OF THE 9TH
Eau Claire Esquires batting - Pitching for Colorado Commanders : LHP Bezzi Kisito
Pitching: RHP Jimmy MacAulay
Pinch Hitting: LHB Will Rhodes 0-0: Called Strike
0-1: Ball
1-1: Called Strike
1-2: Foul Ball, location: 2F
1-2: Ball
2-2: Strikes out swinging
Batting: RHB Luis Cherena 0-0: Ball
1-0: Fly out, F5 (Line Drive, 5)
Batting: RHB Eric Black 0-0: Called Strike
0-1: Fly out, F6 (Line Drive, 6M)
Top of the 9th over - 0 runs, 0 hits, 0 errors, 0 left on base; Eau Claire 5 - Colorado 6
Saturday, April 7th, 2018 - OOTP Baseball 18.8 Build 76